 Dungeon Crawl Stone Soup version 0.31-a0-875-g02e7d12df6 (webtiles) character file.

Game seed: 7381644289272812061

770 IdlyInterested the Trooper (level 7, 0/58 HPs)
             Began as a Demonspawn Wanderer on Oct 12, 2023.
             Was an Initiate of Dithmenos.
             Slain by a hound (3 damage)
             ... on level 5 of the Dungeon.
             The game lasted 00:15:56 (4458 turns).

IdlyInterested the Trooper (Demonspawn Wanderer)    Turns: 4458, Time: 00:15:58

Health: 0/58       AC:  9    Str: 12    XL:     7   Next: 52%
Magic:  8/8        EV:  9    Int: 17    God:    Dithmenos [......]
Gold:   601        SH:  0    Dex: 17    Spells: 8/8 levels left

rFire   . . .        b - +0 short sword (venom)
rCold   . . .        (no shield)
rNeg    . . .        s - +0 scale mail
rPois   +            x - +1 hat
rElec   .            h - +1 cloak {rPois}
rCorr   .            (gloves unavailable)
SInv    .            (no boots)
Will    .....        (no amulet)
Stlth   +            n - ring of poison resistance
HPRegen 0.29/turn    f - +6 ring of intelligence
MPRegen 0.11/turn

%: no passive effects
@: no status effects
A: demonic magic 1, demonic touch 3
a: Renounce Religion


You were on level 5 of the Dungeon.
You worshipped Dithmenos.
Dithmenos was noncommittal.
You visited 1 branch of the dungeon, and saw 5 of its levels.

You collected 601 gold pieces.

Inventory:

Hand Weapons
 a - a +0 dagger
 b - a +0 short sword of venom (weapon)
Missiles
 g - 20 stones (quivered)
 i - 6 boomerangs
 q - 3 poisoned darts
Armour
 d - a +0 robe
 h - a +1 cloak of poison resistance (worn)
 o - a +0 leather armour
 p - a +0 ring mail
 s - a +0 scale mail (worn)
 x - a +1 hat (worn)
Jewellery
 f - a +6 ring of intelligence (right hand)
 n - a ring of poison resistance (left hand)
 v - a ring of fire
Talismans
 t - a beast talisman
Wands
 e - a wand of acid (2)
 A - a wand of digging (1)
Scrolls
 u - 3 scrolls of vulnerability
 B - a scroll of silence
 C - a scroll of fear
 D - a scroll of enchant armour
 E - a scroll of blinking {unknown}
 G - a scroll of identify
Potions
 j - 2 potions of enlightenment
 l - a potion of lignification
 r - a potion of might
 F - a potion of ambrosia {unknown}


   Skills:
 - Level 6.1 Fighting
 * Level 2.3 Short Blades
 - Level 2.0 Throwing
 - Level 2.0 Armour
 + Level 1.5 Dodging
 + Level 2.0 Stealth
 - Level 1.7 Shields
 - Level 1.0 Spellcasting
 - Level 1.7 Air Magic
 - Level 1.2 Invocations
 - Level 3.0 Evocations
 - Level 1.0 Shapeshifting


You had 8 spell levels left.
You didn't know any spells.
Your spell library contained the following spells:

 Spells                   Type           Power      Damage    Failure   Level
 Freeze                   Ice            0%         1d3       73%         1
 Poisonous Vapours        Pois/Air       6%         N/A       75%         2
 Cigotuvi's Dreadful Rot  Necr/Pois/Air  4%         N/A       78%         2
 Frozen Ramparts          Ice            0%         1d1       97%         3
 Hailstorm                Conj/Ice       0%         3d3       97%         3


Dungeon Overview and Level Annotations

Branches:
Dungeon (5/15)
 Temple: D:4-7

Altars:
Dithmenos
Fedhas
Gozag

Shops:
D:4 (   D:5 :[


Innate Abilities, Weirdness & Mutations

Spells you cast may paralyse adjacent enemies.
Your touch may irresistibly damage your foes and sap their willpower.


Message History

Dithmenos accepts your kill. The hound closely misses you.
A kobold comes into view. It is wielding a +0 club.
The hound barely misses you.
You hit the ogre.
The ogre is poisoned.
You touch the ogre!
You sap its willpower!
The ogre is severely wounded.
You feel sick. The ogre barely misses you. The hound bites you.
You hit the ogre. Your touch misses the ogre.
The ogre is severely wounded.
You feel sick. The hound bites you.
* * * LOW HITPOINT WARNING * * *
The ogre hits you with a +0 giant club.
* * * LOW HITPOINT WARNING * * *
The kobold hits you but does no damage.
You feel better. The hound bites you. The hound bites you but does no damage.
An orc comes into view. It is wielding a +0 mace.
The kobold hits you but does no damage. The kobold brigand barely misses you.
You completely miss the ogre.
The ogre is almost dead.
The hound bites you but does no damage. The ogre hits you with a +0 giant club!
* * * LOW HITPOINT WARNING * * *
The kobold hits you but does no damage. The kobold brigand barely misses you.
Unknown command.
You hit the ogre. Your punch misses the ogre.
The ogre is almost dead.
You kill the ogre!
Dithmenos accepts your kill. The hound closely misses you. The hound bites you.
* * * LOW HITPOINT WARNING * * *
Your Short Blades skill increases to level 2!
Your Stealth skill increases to level 2!
You feel better.
An orc priest comes into view. It is wielding a +0 falchion.
The kobold brigand hits you with a +0 short sword.
* * * LOW HITPOINT WARNING * * *
An orc comes into view. It is wielding a +0 falchion.
A kobold comes into view. It is wielding a +0 club.
The hound bites you.
You die...

#.... .....
...[ ..... #...
...... .=.
......
..##...... .
#.........
....##........#
......)@K......
......KhK......
........K......
.......K.....>.
.....##........
..oK# #........
.... .........


oo. ....#.##. You could see a kobold brigand, a hound, an orc priest
(wandering), 2 orcs and 5 kobolds.

Vanquished Creatures
  2 black bears (D:5)
  An ogre (D:5)
  3 scorpions
  A howler monkey (D:4)
  2 jellies
  An orc priest (D:3)
  An orc wizard (D:3)
  3 gnolls (D:3)
  3 adders
  A shadow imp (D:4)
  An ufetubus (D:4)
  4 worms
  10 orcs (D:3)
  7 endoplasms
  3 giant cockroaches
  14 goblins
  7 hobgoblins
  5 quokkas
  4 ball pythons
  3 bats (D:1)
  8 frilled lizards
  12 kobolds
  6 rats
102 creatures vanquished.

Notes
Turn   | Place    | Note
-------+----------+-------------------------------------------
     0 | D:1      | IdlyInterested the Demonspawn Wanderer began the quest for
                  | the Orb.
     0 | D:1      | IdlyInterested set off with the following items: a +0
                  | dagger, a +0 buckler, a potion of heal wounds, a +0 robe, a
                  | wand of acid (3); and the following spells available to
                  | memorise: Poisonous Vapours, Cigotuvi's Dreadful Rot.
     0 | D:1      | Reached XP level 1. HP: 13/13 MP: 2/2
   196 | D:1      | Reached skill level 1 in Fighting
   266 | D:1      | Gained mutation: Your touch may inflict minor irresistible
                  | damage on your foes. [demonic ancestry]
   266 | D:1      | Reached XP level 2. HP: 18/21 MP: 3/3
   450 | D:1      | Reached skill level 1 in Armour
   469 | D:1      | Reached skill level 2 in Fighting
   772 | D:1      | Reached XP level 3. HP: 27/27 MP: 4/4
  1210 | D:2      | Found a shadowy altar of Dithmenos.
  1488 | D:2      | Reached skill level 1 in Throwing
  1906 | D:3      | Reached skill level 3 in Fighting
  1906 | D:3      | Reached XP level 4. HP: 23/35 MP: 5/5
  2150 | D:3      | Reached skill level 1 in Dodging
  2266 | D:3      | Gained mutation: Your touch may inflict irresistible damage
                  | on your foes. [demonic ancestry]
  2266 | D:3      | Reached XP level 5. HP: 42/42 MP: 6/6
  2268 | D:3      | Reached skill level 4 in Fighting
  2339 | D:3      | Found an opulent altar of Gozag.
  2767 | D:3      | Reached skill level 1 in Shapeshifting
  3032 | D:4      | Gained mutation: Your touch may irresistibly damage your
                  | foes and sap their willpower. [demonic ancestry]
  3032 | D:4      | Reached XP level 6. HP: 50/50 MP: 7/7
  3061 | D:4      | Reached skill level 5 in Fighting
  3774 | D:4      | Found a blossoming altar of Fedhas.
  3818 | D:4      | Found Puoxivob's Weapon Emporium.
  4140 | D:5      | Entered Level 5 of the Dungeon
  4140 | D:5      | Noticed a walking divine tome
  4140 | D:5      | Found Mofeq's Antique Armour Shoppe.
  4140 | D:5      | Found Moggitikk's Book Shop.
  4152 | D:5      | Reached skill level 6 in Fighting
  4152 | D:5      | Gained mutation: Spells you cast may paralyse adjacent
                  | enemies. [demonic ancestry]
  4152 | D:5      | Reached XP level 7. HP: 29/58 MP: 8/8
  4152 | D:5      | Noticed a walking crystal tome
  4197 | D:5      | Reached skill level 1 in Short Blades
  4391 | D:2      | Became a worshipper of Dithmenos the Shadowed
  4458 | D:5      | Slain by a hound

Illustrated notes

Levels and vault maps discovered:
D:1:      dpeg_arrival_three_smaller_balls, layout_loops_ring
D:2:      layout_basic, basic_altar, minmay_misc_feat_tower
D:3:      layout_basic, pdpol_temple_overflow_zin_treasury_gozag_greed,
          mainiacjoe_overflow_alcove_2
D:4:      minmay_polygon_palace, layout_basic, fedhas_altar_4, serial_shops,
          shop, nicolae_concentric_dashed_squares_wild
D:5:      layout_cave_pools, serial_shops, nicolae_shop_tiny_waterfront,
          nicolae_shop_mannequins, shop, nicolae_shop_tiny_waterfront

Skill      XL: |  1  2  3  4  5  6  7 |
---------------+----------------------+-----
Fighting       | 1 2 3 4 6 |  6.1
Armour         | 1 2 |  2.0
Throwing       | 1 2 |  2.0
Dodging        | 1 |  1.5
Shapeshifting  | 1 |  1.0
Short Blades   | 2 |  2.3
Stealth        | 2 |  2.0
Shields        | |  1.7
Spellcasting   | |  1.0
Air Magic      | |  1.7
Invocations    | |  1.2
Evocations     | |  3.0

Action                     |  1- 3 |  4- 6 |  7- 9 || total
---------------------------+-------+-------+-------++-------
  Melee: Dagger            |    44 |       |       ||    44
         Short sword       |    73 |   112 |    21 ||   206
         Touch             |    21 |    29 |     4 ||    54
         Punch             |     1 |     3 |     1 ||     5
  Throw: Stone             |       |    13 |     5 ||    18
  Evoke: Wand              |       |     1 |       ||     1
    Use: Scroll            |       |     8 |       ||     8
         Potion            |       |     2 |     2 ||     4
   Stab: Sleeping          |     3 |       |       ||     3
         Distracted        |     1 |       |       ||     1
 Armour: Robe              |    37 |       |       ||    37
         Ring mail         |    10 |       |       ||    10
         Scale mail        |     6 |    98 |    40 ||   144
  Dodge: Dodged            |    50 |    68 |    17 ||   135
  Block: Buckler           |     4 |       |       ||     4

Table legend: (Time is in decaauts)
 A = Elapsed time spent in this place.
 B = Non-inter-level travel time spent in this place.
 C = Inter-level travel time spent in this place.
 D = Time resting spent in this place.
 E = Time spent auto-exploring this place.
 F = Levels seen in this place.
 G = Mean time per level.
                   A        B        C        D        E       F      G
               +--------+--------+--------+--------+--------+-----+--------+
         Total |   4461 |   3852 |    609 |    411 |   2402 |   5 |  892.2 |
       Dungeon |   4461 |   3852 |    609 |    411 |   2402 |   5 |  892.2 |
               +--------+--------+--------+--------+--------+-----+--------+

Top non-repeatable levels by time:
     D:4: 1292 daAuts
     D:1: 1047 daAuts
     D:2: 1031 daAuts
     D:3: 1019 daAuts
     D:5: 70 daAuts
